 Dungeon Crawl Stone Soup version 0.28-a0-1624-g820543e53a (webtiles) character file.

Game seed: 11309470660338894988

36 bladeefan the Chopper (level 3, 0/33 HPs)
             Began as a Minotaur Chaos Knight on Jan 23, 2022.
             Was a Plaything of Xom.
             Slain by Sigmund (3 damage)
             ... on level 2 of the Dungeon.
             The game lasted 00:01:51 (1217 turns).

bladeefan the Chopper (Minotaur Chaos Knight)       Turns: 1217, Time: 00:01:52

Health: 0/33       AC:  5    Str: 18    XL:     3   Next: 19%
Magic:  2/2        EV: 11    Int:  9    God:    Xom [..*...]
Gold:   36         SH:  0    Dex:  9    Spells: 2/2 levels left

rFire   . . .      SeeInvis .   a - +0 hand axe (chaos)
rCold   . . .      Faith    .   (no shield)
rNeg    . . .      Spirit   .   b - +2 leather armour
rPois   .          Reflect  .   (helmet restricted)
rElec   .          Harm     .   (no cloak)
rCorr   .          Rampage  .   (no gloves)
Will    .....                   (no boots)
Stlth   +.........              (no amulet)
HPRegen 0.11/turn               (no ring)
MPRegen 0.08/turn               (no ring)

@: no status effects
A: horns 2, retaliatory headbutt
a: Renounce Religion


You were on level 2 of the Dungeon.
You worshipped Xom.
You were a toy of Xom.
You visited 1 branch of the dungeon, and saw 2 of its levels.

You collected 36 gold pieces.

Inventory:

Hand Weapons
 a - a +0 hand axe of chaos (weapon)
Armour
 b - a +2 leather armour (worn)
Potions
 c - 2 potions of curing {unknown}
 d - 2 potions of heal wounds {unknown}


   Skills:
 + Level 4.0 Fighting
 * Level 4.4 Axes
 + Level 2.9 Armour
 + Level 1.7 Dodging


You had 2 spell levels left.
You didn't know any spells.
Your spell library was empty.

Dungeon Overview and Level Annotations

Branches:
Dungeon (2/15)

Altars:

Annotations:
D:2 Sigmund


Innate Abilities, Weirdness & Mutations

You have a pair of horns on your head.
You reflexively headbutt those who attack you in melee.


Message History

There is a stone staircase leading down here.
You climb downwards.
Level annotation: Sigmund Sigmund gestures at you while chanting.
You are confused.
There is a stone staircase leading up here.
Unknown command.
Sigmund flickers, as though insubstantial.
Sigmund hits you but does no damage.
In your confused state, you trip and fall back down the stairs.
Xom thinks this is hilarious!
Sigmund closely misses you.
You climb upwards.
There is a stone staircase leading down here.
You bump into the rock wall.
You start waiting.
You feel less confused.
Done waiting.
You start waiting.
Done waiting.
Things that are here:
3 stones; a +0 club; a kobold skeleton
There is a stone staircase leading down here.
You climb downwards.
Level annotation: Sigmund The goblin shoots a stone.
The stone barely misses you.
The goblin shoots a stone.
The stone hits you but does no damage.
There is a stone staircase leading up here.
Sigmund hits you with a +0 scythe!
You hit Sigmund. You freeze Sigmund. Your headbutt misses Sigmund.
The goblin shoots a stone.
The stone hits you but does no damage. Sigmund closely misses you.
You furiously retaliate!
You headbutt Sigmund. You closely miss Sigmund.
The goblin shoots a stone.
The stone hits you.
You slash Sigmund!
Sigmund flickers and vanishes!
Deactivating autopickup; reactivate with Ctrl-A.
Something barely misses you.
You miss something. You headbutt something!
The goblin shoots a stone.
The stone hits you.
* * * LOW HITPOINT WARNING * * *
You hear some strange, mumbled words.
A puff of flame appears from out of thin air!
The puff of flame hits you.
* * * LOW HITPOINT WARNING * * *
The goblin shoots a stone.
The stone barely misses you. Something hits you.
* * * LOW HITPOINT WARNING * * *
There is a stone staircase leading up here.
The goblin shoots a stone.
The stone hits you but does no damage. Something hits you.
You die...

#............
#............
#........g...
#............ #
#............ .. #
#.#............
..#.#.#............
. .#.#......@.# ..
...#........# ...
........{..##
........>....#.#
......##.###.#.#
......##<###.#.#
.w......w†.....#
.......#######.#
....... .#


You could see a goblin.

Vanquished Creatures
  A worm (D:1)
  A dart slug (D:1)
  3 bats (D:1)
  3 endoplasms (D:1)
  4 hobgoblins (D:1)
  4 kobolds (D:1)
  4 ball pythons (D:1)
  3 frilled lizards
  2 goblins (D:1)
  6 rats
31 creatures vanquished.

Vanquished Creatures (others)
  A fungus (D:2)
  3 plants (D:2)
4 creatures vanquished.

Grand Total: 35 creatures vanquished

Notes
Turn   | Place    | Note
-------+----------+-------------------------------------------
     0 | D:1      | bladeefan the Minotaur Chaos Knight began the quest for the
                  | Orb.
     0 | D:1      | Reached XP level 1. HP: 19/19 MP: 0/0
    65 | D:1      | XOM: divination: magic mapping
    92 | D:1      | Reached XP level 2. HP: 27/27 MP: 1/1
   554 | D:2      | Noticed Sigmund
   566 | D:2      | XOM: butterfly on damage
   576 | D:1      | Reached XP level 3. HP: 10/33 MP: 2/2
  1217 | D:2      | Slain by Sigmund

Illustrated notes

Levels and vault maps discovered:
D:1:      shiori_arrival_maze, layout_basic
D:2:      layout_basic, basic_altar, shapermc_ecumenical_altar_gd, uniq_sigmund

Skill      XL: |  1  2 |
---------------+-------+-----
Axes           | 4 |  4.4
Fighting       | 4 |  4.0
Armour         | |  2.9
Dodging        | |  1.7

Action                   || total
-------------------------++-------
Melee: Hand axe          ||    59
       Headbutt          ||     7
Armor: Leather armour    ||    33
Dodge: Dodged            ||    40

Table legend: (Time is in decaauts)
 A = Elapsed time spent in this place.
 B = Non-inter-level travel time spent in this place.
 C = Inter-level travel time spent in this place.
 D = Time resting spent in this place.
 E = Time spent auto-exploring this place.
 F = Levels seen in this place.
 G = Mean time per level.
                   A        B        C        D        E       F      G
               +--------+--------+--------+--------+--------+-----+--------+
         Total |   1226 |   1216 |     10 |    595 |    421 |   2 |  613.0 |
       Dungeon |   1226 |   1216 |     10 |    595 |    421 |   2 |  613.0 |
               +--------+--------+--------+--------+--------+-----+--------+

Top non-repeatable levels by time:
     D:1: 1188 daAuts
     D:2: 38 daAuts
